 Dungeon Crawl Stone Soup version 0.29.1-13-g9f3cf754e1 (webtiles) character file.

Game seed: 6718828063425691864

41483 khekkus the Protected (level 14, -9/109 HPs)
             Began as a Human Fighter on Jan 31, 2023.
             Was a Priest of Fedhas.
             Mangled by a death yak (55 damage)
             ... on level 4 of the Lair of Beasts.
             The game lasted 01:04:47 (25953 turns).

khekkus the Protected (Human Fighter)              Turns: 25953, Time: 01:04:48

Health: -9/109     AC: 22    Str: 18    XL:     14   Next: 50%
Magic:  13/21      EV:  2    Int: 12    God:    Fedhas [***...]
Gold:   1091       SH:  0    Dex: 18    Spells: 13/13 levels left

rFire   + . .      SeeInvis +   f - +5 broad axe (flame)
rCold   . . .      Faith    .   c - +0 buckler
rNeg    . . .      Spirit   .   i - +3 ring mail {rF+}
rPois   .          Reflect  .   F - +3 crown of Dyrovepreva {rElec Int+2 SInv}
rElec   +          Harm     .   r - +0 cloak
rCorr   .          Rampage  .   J - +1 pair of gloves {Dex+3}
Will    ++...                   (no boots)
Stlth   +.........              L - amulet of the acrobat
HPRegen 0.28/turn               q - +4 ring of protection
MPRegen 0.17/turn               b - ring of willpower

@: sleeping, spiked
A: no striking features
a: Renounce Religion, Wall of Briars, Grow Ballistomycete


You were on level 4 of the Lair of Beasts.
You worshipped Fedhas.
Fedhas was most pleased with you.
You visited 3 branches of the dungeon, and saw 16 of its levels.
You also visited: Bailey.

You collected 1518 gold pieces.
You spent 427 gold pieces at shops.

Inventory:

Hand Weapons
 f - a +5 broad axe of flaming (weapon)
Missiles
 t - 37 poisoned darts
 v - 2 curare-tipped darts
Armour
 c - a +0 buckler (worn)
 i - a +3 ring mail of fire resistance (worn)
 r - a +0 cloak (worn)
 F - the +3 crown of Dyrovepreva (worn) {rElec Int+2 SInv}
   (You acquired it on level 8 of the Dungeon)

   Int:       It affects your intelligence (+2).
   rElec:     It insulates you from electricity.
   SInv:      It lets you see invisible.
 J - a +1 pair of gloves of dexterity (worn)
Jewellery
 b - a ring of willpower (right hand)
 e - a ring of protection from cold
 l - a ring of protection from fire
 p - a ring of flight
 q - a +4 ring of protection (left hand)
 y - a +6 ring of dexterity
 D - a +4 ring of evasion
 L - an amulet of the acrobat (around neck)
Wands
 d - a wand of flame (16) (quivered)
 m - a wand of charming (12)
 C - a wand of digging (5)
 E - a wand of polymorph (7)
 H - a wand of iceblast (12)
Scrolls
 a - 3 scrolls of identify
 h - 2 scrolls of magic mapping
 n - 2 scrolls of amnesia
 o - 6 scrolls of teleportation
 x - 4 scrolls of summoning
 A - a scroll of torment
Potions
 g - 2 potions of flight
 j - 5 potions of heal wounds
 k - a potion of brilliance
 s - 9 potions of curing
 u - 2 potions of haste
 z - a potion of invisibility
 G - a potion of magic
Miscellaneous
 w - a lightning rod (4/4)
 B - a phantom mirror


   Skills:
 + Level 9.9 Fighting
 + Level 12.2 Axes
 - Level 4.2 Staves
 - Level 2.0 Throwing
 + Level 14.3 Armour
 - Level 5.0 Dodging
 + Level 9.9 Shields
 + Level 10.1 Invocations
 + Level 6.6 Evocations


You had 13 spell levels left.
You didn't know any spells.
Your spell library contained the following spells:

 Spells                   Type           Power      Damage    Failure   Level
 Beastly Appendage        Tmut           0%         N/A       52%         1
 Ensorcelled Hibernation  Hex/Ice        0%         N/A       65%         2
 Scorch                   Fire           0%         2d5       65%         2
 Static Discharge         Conj/Air       0%         3-3/arc   65%         2
 Wereblood                Tmut           0%         N/A       65%         2
 Inner Flame              Hex/Fire       0%         N/A       87%         3
 Ozocubu's Armour         Ice            0%         N/A       87%         3
 Spider Form              Tmut/Pois      0%         N/A       87%         3
 Flame Wave               Conj/Fire      0%         2d4       99%         4
 Iskenderun's Mystic Bla  Conj/Tloc      0%         2d3       99%         4
 Sticky Flame             Conj/Fire      0%         2d3       99%         4
 Fireball                 Conj/Fire      0%         3d3       100%        5
 Lightning Bolt           Conj/Air       0%         1d11      100%        5
 Metabolic Englaciation   Hex/Ice        0%         N/A       100%        5
 Simulacrum               Ice/Necr       0%         N/A       100%        6
 Starburst                Conj/Fire      0%         6d3       100%        6
 Summon Cactus Giant      Summ           0%         N/A       100%        6
 Ignition                 Fire           0%         3d3       100%        8
 Maxwell's Capacitive Co  Air            0%         ∞         100%        8


Dungeon Overview and Level Annotations

Branches:
Dungeon (10/15)            Temple (1/1) D:4            Lair (5/5) D:10
  Swamp (0/4) Lair:3       Spider (0/4) Lair:2        Slime (0/5) Lair:4
    Orc (0/2) D:10         Bailey (visited)

Altars:
Ashenzari
Cheibriados
Dithmenos
Elyvilon
Fedhas
Gozag
Hepliaklqana
Kikubaaqudgha
Makhleb
Nemelex Xobeh
Okawaru
Qazlal
Ru
Sif Muna
Trog
Uskayaw
Vehumet
Wu Jian
Xom
Yredelemnul
Zin
The Shining One

Shops:
D:6 ?=?*   D:8 *

Annotations:
D:3 2 transporters, HumanPerson's ghost, amateur FoFi


Message History

The death yak gores you but does no damage.
The death yak closely misses you. The dream sheep closely misses you.
The dream sheep misses you. You block the dream sheep's attack.
Unknown command.
The yak gores you but does no damage. The death yak gores you.
The death yak gores you! The dream sheep misses you.
The dream sheep barely misses you.
The dream sheep bites you but does no damage.
The barbed spikes dig painfully into your body as you move.
You climb upwards.
There is a stone staircase leading down, spattered with blood here.
You slice the dream sheep!! You burn the dream sheep!
You kill the dream sheep!
Fedhas appreciates your contribution to the ecosystem.
You slash the dream sheep! You burn the dream sheep.
You hit the death yak but do no damage. You hit the dream sheep.
You burn the dream sheep. You hit the yak but do no damage.
You barely miss the death yak. The death yak gores you!
The death yak gores you. The yak misses you.
The dream sheep completely misses you. The dream sheep closely misses you.
Aiming: Overgrow
Press: ? - help, Dir - move target The rock wall is torn apart as an oklob sapling grows in its place.
The rock wall is torn apart as a wandering mushroom grows in its place. x2
The rock wall is torn apart as a burning bush grows in its place.
You can no longer transform dungeon walls and trees into plant allies.
The death yak gores you but does no damage.
The death yak barely misses you. The yak misses you.
The dream sheep bites you but does no damage. x2
The dream sheep attacks as you move away!
You block the dream sheep's attack.
The barbed spikes dig painfully into your body as you move.
The death yak completely misses you. The yak gores you.
The dream sheep shake their wool and sparkle.
You feel drowsy...
You fall asleep.
The death yak gores you but does no damage.
The death yak gores you!!!
Ouch! That really hurt!
You die...
Fedhas appreciates your contribution to the ecosystem.

# #.....## #.+..#.## # ##.#'##
##..#.## ###.# #....# ##..#
###.#### ######### ###...#
##.##.## #.#..##.# ##.....#
###......# ........###PP..#.###
#.......## .........##f...Y†..#
#.......##
.........##f..YY@..#####........#
.......÷.#.+...YY..'............#
.......÷...#.......#.####.......#
.........##........### ###..####
..#.....###........# #..#
####...## ##...#.#.# ##.###
##...#.# ###..#.#.### #....##
#....### #..........# ####....##
#.)..# #.[........####......'.#


You could see 2 death yaks, a yak, 2 dream sheep, 2 friendly wandering
mushrooms, a friendly burning bush (summoned) and a friendly oklob sapling
(summoned).

Vanquished Creatures
  3 hydras
  3 death yaks (Lair:4)
  A catoblepas (Lair:4)
  2 two-headed ogres
  Urug (D:10)
  A sea snake (Lair:4)
  A harpy (Lair:5)
  Pikel (D:6)
  14 elephants
  2 black mambas (Lair:3)
  A torpor snail (Lair:3)
  6 cane toads
  A gargoyle (D:9)
  Maggie (D:6)
  9 komodo dragons
  A troll (D:9)
  Grinder (D:6)
  2 polar bears
  A hornet (Lair:4)
  2 slime creatures (Lair:4)
  9 dream sheep
  A snapping turtle (Lair:5)
  16 blink frogs
  2 shadows (D:10)
  5 wyverns
  39 yaks
  Grum (Bailey)
  3 steam dragons
  4 basilisks
  A swamp worm (Lair:3)
  7 water moccasins
  Duvessa (D:7)
  3 black bears
  4 orc warriors
  2 sky beasts
  An ice beast (D:8)
  13 wolves
  3 centaurs
  2 ogres
  6 kobold brigands
  11 bullfrogs
  3 necrophages
  5 gnoll sergeants (Bailey)
  A scorpion (D:5)
  Dowan (D:7)
  10 wights
  4 killer bees (D:8)
  An electric eel (Lair:4)
  8 howler monkeys
  5 jellies
  Crazy Yiuf (D:3)
  12 orc priests
  4 hounds
  5 gnoll boudas
  9 orc wizards
  Terence (D:2)
  An iguana (D:6)
  36 gnolls
  7 adders
  3 shadow imps
  2 white imps
  An ufetubus (D:5)
  A worm (D:3)
  2 dart slugs
  70 orcs
  8 bats
  6 endoplasms
  10 goblins
  12 hobgoblins
  3 jackals (D:1)
  53 kobolds
  2 quokkas (D:1)
  10 ball pythons
  A frilled lizard (D:2)
  3 rats
  6 ballistomycete spores
495 creatures vanquished.

Vanquished Creatures (collateral kills)
  A hydra (Lair:3)
  2 two-headed ogres (D:8)
  2 blink frogs (Lair:1)
  An orc warrior (D:8)
  A sky beast (D:8)
  A black bear (D:8)
  A centaur (D:8)
  3 wolves (Lair:3)
  A gnoll (D:3)
  An adder (D:3)
  An orc (D:8)
  106 ballistomycete spores
121 creatures vanquished.

Vanquished Creatures (others)
  A gnoll bouda (Bailey)
  4 ballistomycete spores
  19 fungi
  45 plants
69 creatures vanquished.

Grand Total: 685 creatures vanquished

Notes
Turn   | Place    | Note
-------+----------+-------------------------------------------
     0 | D:1      | khekkus the Human Fighter began the quest for the Orb.
     0 | D:1      | Reached XP level 1. HP: 18/18 MP: 1/1
   242 | D:1      | Reached XP level 2. HP: 22/24 MP: 2/2
   601 | D:1      | Reached XP level 3. HP: 29/29 MP: 3/3
   773 | D:1      | Found a faded altar of an unknown god.
   975 | D:1      | Prayed at the altar of an unknown god.
   975 | D:1      | Became a worshipper of Fedhas Madash
   975 | D:1      | Reached * piety under Fedhas
  1313 | D:2      | Noticed Terence
  1325 | D:2      | Killed Terence
  1326 | D:2      | Reached XP level 4. HP: 20/35 MP: 4/4
  1807 | D:2      | Reached ** piety under Fedhas
  2374 | D:2      | Reached XP level 5. HP: 37/41 MP: 5/5
  2379 | D:3      | Reached skill level 5 in Axes
  2506 | D:3      | Found a transporter.
  2508 | D:3      | Noticed HumanPerson's ghost (amateur FoFi)
  2522 | D:3      | Found a transporter.
  3180 | D:3      | Reached XP level 6. HP: 41/47 MP: 6/6
  3380 | D:3      | Found a runed translucent door.
  3381 | D:3      | Noticed Crazy Yiuf
  3389 | D:3      | Killed Crazy Yiuf
  3632 | D:3      | Reached skill level 1 in Staves
  4085 | D:4      | Noticed an ogre
  4095 | D:4      | Killed an ogre
  4096 | D:4      | Reached XP level 7. HP: 37/52 MP: 7/7
  4269 | D:4      | Reached *** piety under Fedhas
  4607 | D:4      | Found a staircase to the Ecumenical Temple.
  4616 | Temple   | Entered the Ecumenical Temple
  4927 | D:4      | Reached skill level 1 in Throwing
  5096 | D:4      | Reached XP level 8. HP: 32/58 MP: 0/8
  5381 | D:4      | Got the Guide on Enchanting Bolts
  5741 | D:4      | Reached skill level 4 in Armour
  5954 | D:5      | Entered Level 5 of the Dungeon
  6336 | D:5      | Reached **** piety under Fedhas
  6632 | D:5      | Reached skill level 5 in Armour
  7760 | D:6      | Found Raleiwko's Magic Scroll Boutique.
  7769 | D:6      | Bought a scroll of enchant weapon for 90 gold pieces
  7769 | D:6      | Bought a scroll of fear for 48 gold pieces
  7769 | D:6      | Bought a scroll of identify for 24 gold pieces
  7918 | D:6      | Found Cusosyidgh's Jewellery Boutique.
  7977 | D:6      | Noticed Maggie
  7996 | D:6      | Killed Maggie
  7997 | D:6      | Reached skill level 6 in Armour
  7997 | D:6      | Reached skill level 1 in Dodging
  7997 | D:6      | Reached skill level 1 in Invocations
  7997 | D:6      | Reached skill level 1 in Evocations
  7997 | D:6      | Reached XP level 9. HP: 25/64 MP: 6/10
  8249 | D:6      | Noticed Grinder
  8257 | D:6      | Killed Grinder
  8378 | D:6      | Found Wopok's General Store.
  8606 | D:6      | Found Humeset's Magic Scroll Shoppe.
  8625 | D:6      | Noticed Pikel
  8724 | D:6      | Killed Pikel
  8725 | D:6      | Reached skill level 7 in Armour
  8740 | D:6      | Bought a scroll of brand weapon for 95 gold pieces
  8740 | D:6      | Bought a scroll of identify for 20 gold pieces
  8743 | D:6      | Bought a scroll of enchant weapon for 75 gold pieces
  9220 | D:6      | Found a burning altar of Makhleb.
  9426 | D:7      | Noticed Dowan
  9426 | D:7      | Noticed Duvessa
  9435 | D:7      | Killed Dowan
  9441 | D:7      | Killed Duvessa
  9453 | D:7      | Reached XP level 10. HP: 72/72 MP: 10/12
  9628 | D:7      | Found a sparkling altar of Nemelex Xobeh.
  9944 | D:7      | Found a flagged portal.
  9956 | Bailey   | Entered a bailey
 10771 | Bailey   | Reached skill level 8 in Armour
 11271 | Bailey   | Noticed Grum
 11284 | Bailey   | Killed Grum
 11629 | D:7      | Found a radiant altar of Vehumet.
 11631 | D:7      | Found an ancient bone altar of Kikubaaqudgha.
 11644 | D:7      | Found a shimmering blue altar of Sif Muna.
 11649 | D:7      | Found an iron altar of Okawaru.
 11650 | D:7      | Found a blossoming altar of Fedhas.
 12024 | D:8      | Reached skill level 5 in Fighting
 12025 | D:8      | Reached skill level 5 in Shields
 12259 | D:8      | Noticed a two-headed ogre
 12273 | D:8      | Killed a two-headed ogre
 12561 | D:8      | Noticed a two-headed ogre
 12571 | D:8      | Killed a two-headed ogre
 12572 | D:8      | Reached skill level 9 in Armour
 12572 | D:8      | Reached XP level 11. HP: 14/80 MP: 9/14
 12812 | D:8      | Reached skill level 5 in Invocations
 12990 | D:8      | Found Miuble Wuk's Demolitions Depot.
 13273 | D:8      | Identified a scroll of acquirement
 13273 | D:8      | Acquired the +3 crown of Dyrovepreva {rElec Int+2 SInv}
 13273 | D:8      | Found the +3 crown of Dyrovepreva {rElec Int+2 SInv}
 13337 | D:8      | Reached skill level 5 in Evocations
 13765 | D:9      | Reached skill level 5 in Dodging
 14188 | D:9      | Noticed a two-headed ogre
 14196 | D:9      | Killed a two-headed ogre
 14639 | D:10     | Entered Level 10 of the Dungeon
 14706 | D:9      | Reached skill level 10 in Armour
 15175 | D:10     | Noticed Urug
 15183 | D:10     | Killed Urug
 16067 | D:10     | Reached skill level 10 in Axes
 16404 | D:10     | Found a staircase to the Orcish Mines.
 16498 | D:10     | Reached XP level 12. HP: 64/89 MP: 16/16
 16636 | D:10     | Acquired a +0 pair of gloves of dexterity
 16667 | D:10     | Noticed a two-headed ogre
 16671 | D:10     | Killed a two-headed ogre
 16845 | D:10     | Found a staircase to the Lair.
 16970 | D:10     | Reached skill level 11 in Armour
 17319 | Lair:1   | Entered Level 1 of the Lair of Beasts
 17328 | Lair:1   | Noticed a four-headed hydra
 17335 | Lair:1   | Killed a four-headed hydra
 18315 | Lair:1   | Acquired a +3 broad axe of flaming
 18819 | D:6      | Bought a scroll of enchant weapon for 75 gold pieces
 19960 | Lair:2   | Found a hole to the Spider Nest.
 20314 | Lair:2   | Reached skill level 12 in Armour
 20617 | Lair:3   | Noticed a five-headed hydra
 20617 | Lair:3   | Found a burning altar of Makhleb.
 20626 | Lair:3   | Killed a five-headed hydra
 20627 | Lair:3   | Reached XP level 13. HP: 98/98 MP: 6/19
 20868 | Lair:3   | Noticed an eight-headed hydra
 20878 | Lair:3   | Killed a six-headed hydra
 20878 | Lair:3   | Noticed an eight-headed hydra
 20884 | Lair:3   | Killed an eight-headed hydra
 21182 | Lair:3   | Found a staircase to the Swamp.
 21940 | Lair:3   | Reached skill level 13 in Armour
 22977 | Lair:4   | Found a staircase to the Slime Pits.
 23676 | Lair:5   | Entered Level 5 of the Lair of Beasts
 23684 | Lair:5   | Reached XP level 14. HP: 89/108 MP: 17/21
 24437 | Lair:4   | Reached skill level 14 in Armour
 24610 | Lair:4   | Paralysed by a hornet for 2 turns
 25235 | Lair:5   | Reached skill level 10 in Invocations
 25953 | Lair:4   | Mangled by a death yak

Illustrated notes

Levels and vault maps discovered:
D:1:      saegor_arrival_simple_a, layout_basic,
          shapermc_ecumenical_altar_flowoftime, chequers_serial_rivers_room_b,
          serial_bayou_lake_a
D:2:      layout_basic, uniq_terence
D:3:      layout_basic, gammafunk_ghost_stat_death, uniq_crazy_yiuf_cottage
D:4:      minmay_goblin_kobold_castle, layout_basic, minmay_temple_entry_waves,
          minmay_manual_macuahuitl
D:5:      layout_layer_cave
D:6:      layout_basic, lemuel_coloured_pillars_altar, serial_shops,
          nicolae_inconvenience_store, nicolae_shop_trees, shop,
          nicolae_shop_statue_plus, uniq_grinder, uniq_maggie, uniq_pikel
D:7:      layout_loops_corners, nemelex_diamond_rough_becter,
          grunt_temple_overflow_open, enter_bailey_3, uniq_duvessa
D:8:      nzn_winding_woodlands_three_and_one
          [nzn_winding_woodlands_5x15_sawtooth,
          nzn_winding_woodlands_5x15_sidewinder,
          nzn_winding_woodlands_5x15_longhouse,
          nzn_winding_woodlands_center_lodge], layout_cave_pools,
          nicolae_blasting_shop, st_stairs_6, item_on_display_a
D:9:      layout_roguey, grunt_decor_junction
D:10:     layout_stronghold, lair_entry_dummy, hiddenorc2_lemuel,
          kennysheep_nub, mrwooster_statue_mirror, uniq_urug
Temple:   hellmonk_temple_of_storms
Lair:1:   layout_cave_shapes, patterned_corridor, grunt_megastairs_4
Lair:2:   layout_cave_pods, dummy_spider_entry, serial_bayou_crossing
Lair:3:   layout_big_grid, minmay_swamp_entry_worms, basic_altar,
          grunt_megastairs_3
Lair:4:   layout_roguey, minmay_slime_entry_pillars, serial_bayou_lagoon_a,
          infiniplex_staircase_pool
Lair:5:   gammafunk_lair_ancient_temple, layout_regular_city, tgw_fedhas

Skill      XL: |  1  2  3  4  5  6  7  8  9 10 11 12 13 14 |
---------------+-------------------------------------------+-----
Axes           | 3 4 5 6 8 9 10 11 12 | 12.2
Staves         | 2 4 |  4.2
Throwing       | 1 2 |  2.0
Armour         | 6 7 9 10 12 13 14 | 14.3
Dodging        | 1 2 4 5 |  5.0
Invocations    | 1 3 4 6 8 9 10 | 10.1
Evocations     | 1 2 4 5 6 |  6.6
Fighting       | 4 5 6 8 9 |  9.9
Shields        | 4 5 6 8 9 |  9.9

Action                   |  1- 3 |  4- 6 |  7- 9 | 10-12 | 13-15 || total
-------------------------+-------+-------+-------+-------+-------++-------
Melee: War axe           |    99 |   104 |   284 |   491 |       ||   978
       Quarterstaff      |       |    22 |    29 |       |       ||    51
       Broad axe         |       |       |       |    60 |   337 ||   397
Invok: Wall of Briars    |       |     2 |     1 |     1 |     1 ||     5
       Grow Ballistomyce |       |       |     8 |    15 |     6 ||    29
       Overgrow          |       |       |       |     3 |     1 ||     4
Evoke: Wand              |       |       |     2 |     6 |     7 ||    15
       Phantom mirror    |       |       |       |     1 |       ||     1
       Lightning rod     |       |       |       |       |     1 ||     1
  Use: Scroll            |     2 |     4 |    12 |    18 |     3 ||    39
       Potion            |     1 |       |     1 |     3 |       ||     5
 Stab: Paralysed         |       |       |     2 |       |       ||     2
       Confused          |       |       |     1 |     1 |     5 ||     7
Armor: Scale mail        |    31 |       |       |       |       ||    31
       Ring mail         |    21 |    43 |   193 |   245 |   190 ||   692
Dodge: Dodged            |    48 |    80 |   166 |   384 |   285 ||   963
Block: Buckler           |    20 |    27 |    73 |   194 |   150 ||   464
